Map: Fields of Death

Players

Meister - Winner!

  • Race: Terran Terran
  • League: Master
  • Spawn Location: 7:00

CrucialNug

  • Race: Protoss Protoss
  • League: Master
  • Spawn Location: 12:00

KingKong - Winner!

  • Race: Zerg Zerg
  • Spawn Location: 6:00

Kyoto

  • Race: Protoss Protoss
  • League: Grandmaster
  • Spawn Location: 12:00

VOD

Have the link to the VOD?

Description

Time

  • Played on: April 2, 2017, 12:42 a.m.
  • Length: 9:04
Show
View Real Time Build Order
Export as new Build Order

Meister Terran - Winner!

Build Orders: Reaper Expand, MMM Bio 

Get SALT Encoding   

  12  0:00  SCV  
  13  0:14  SCV  
  13  0:19  Supply Depot  
  14  0:26  SCV  
  14  0:28  Refinery  
  15  0:40  SCV  
  16  0:46  Barracks  
  16  0:52  SCV  
  17  1:04  SCV  
  18  1:17  SCV  
  19  1:33  Reaper, Orbital Command  
  20  1:45  Command Center  
  20  1:57  Barracks  
  20  1:59  SCV  
  21  2:08  Barracks Reactor  
  21  2:16  SCV  
  21  2:21  Supply Depot  
  22  2:26  Factory  
  22  2:28  SCV  
  23  2:38  Refinery  
  23  2:43  SCV  
  24  2:45  Barracks Tech Lab  
  24  2:46  Marine x2  
  26  2:55  SCV  
  27  3:00  Orbital Command  
  27  3:03  Marine  
  27  3:04  Stimpack  
  28  3:07  Marine  
  28  3:11  SCV  
  30  3:22  Marine  
  30  3:23  SCV  
  32  3:28  Starport  
  32  3:30  SCV  
  32  3:31  Factory Reactor  
  32  3:32  Marine  
  34  3:35  SCV  
  35  3:42  SCV  
  35  3:45  Supply Depot  
  35  3:46  Marine x2  
  35  3:47  SCV  
  39  3:53  Marine  
  39  3:55  SCV  
  41  3:59  SCV  
  42  4:04  Marine x2  
  42  4:05  Supply Depot  
  42  4:07  SCV  
  45  4:11  Marine  
  45  4:12  SCV  
  47  4:19  SCV  
  47  4:22  Marine, Medivac  
  47  4:23  Medivac  
  47  4:24  SCV  
  54  4:26  Marauder  
  54  4:28  Marine  
  54  4:30  Supply Depot  
  54  4:31  SCV  
  57  4:38  Factory Reactor  
  57  4:39  SCV  
  57  4:42  Engineering Bay  
  57  4:43  Engineering Bay  
  58  4:47  SCV  
  58  4:49  Marine  
  60  4:58  SCV  
  61  5:04  Combat Shields  
  61  5:05  Command Center  
  61  5:06  Medivac  
  63  5:07  SCV  
  63  5:11  Supply Depot  
  63  5:12  SCV  
  65  5:15  Refinery  
  65  5:19  Marine x3, SCV  
  69  5:25  Supply Depot  
  69  5:26  Terran Infantry Weapons Level 1  
  69  5:32  Widow Mine  
  71  5:36  Marine  
  71  5:37  Marine x2  
  73  5:51  Medivac  
  73  5:54  Marine x2  
  73  5:55  Marine  
  76  6:02  SCV  
  75  6:05  Barracks  
  75  6:08  Barracks  
  75  6:09  Barracks  
  75  6:10  SCV  
  68  6:12  Marine x2, Widow Mine x2  
  68  6:14  Marauder  
  68  6:17  SCV  
  77  6:21  Orbital Command  
  77  6:23  Terran Infantry Armor Level 1, SCV  
  78  6:29  Medivac  
  78  6:30  Marine x2  
  78  6:31  Medivac  
  77  6:33  SCV  
  77  6:34  Marine  
  79  6:40  Widow Mine  
  79  6:44  Armory  
  81  6:48  Marine x2  
  81  6:52  Marine  
  81  6:53  SCV  
  85  6:54  SCV  
  85  6:56  SCV, Missile Turret  
  85  6:59  Missile Turret  
  85  7:00  Barracks Reactor, Barracks Tech Lab x2  
  87  7:02  Barracks Reactor  
  87  7:05  SCV  
  87  7:06  Marine, SCV  
  87  7:07  Refinery  
  87  7:08  SCV, Refinery  
  90  7:10  Marine, Supply Depot x2  
  90  7:11  Marauder  
  94  7:22  Marine  
  95  7:23  Marine  
  95  7:27  Marine  
  95  7:29  Widow Mine  
  97  7:30  Medivac  
  97  7:31  SCV, Medivac  
  97  7:32  Marauder  
  97  7:36  SCV  
  107  7:37  Supply Depot  
  107  7:38  SCV, Supply Depot  
  107  7:41  Marine  
  107  7:42  Marine  
  107  7:43  SCV  
  107  7:44  Concussive Shells  
  113  7:45  Marine  
  113  7:48  Supply Depot x2, SCV  
  115  7:53  Marauder  
  115  7:57  Marine x2  
  117  7:58  Marine  
  117  8:01  Supply Depot x2  
  117  8:02  SCV x3, Supply Depot  
  121  8:10  Viking x2  
  121  8:11  Marine  
  126  8:18  Marine  
  126  8:19  Marauder  
  129  8:20  Marine  
  129  8:21  Marauder  
  129  8:25  Marine  
  130  8:32  Marine  
  130  8:34  Marine  
  128  8:39  Marine  
  128  8:40  Marauder  
  131  8:42  Marauder  
  132  8:55  Refinery  
  132  8:57  Supply Depot  
Show
View Real Time Build Order
Export as new Build Order

CrucialNug Protoss 

Build Orders: 1 Gate Expand, Blink Stalkers 

Get SALT Encoding   

  12  0:01  Probe (Chrono Boost)  
  13  0:11  Probe (Chrono Boost)  
  14  0:20  Pylon  
  14  0:22  Probe (Chrono Boost)  
  15  0:38  Probe (Chrono Boost)  
  16  0:42  Gateway  
  16  0:49  Probe (Chrono Boost)  
  17  0:51  Assimilator  
  17  0:59  Probe (Chrono Boost)  
  18  1:10  Probe (Chrono Boost)  
  19  1:22  Nexus  
  19  1:24  Probe (Chrono Boost)  
  20  1:35  Cybernetics Core  
  20  1:39  Probe (Chrono Boost)  
  21  1:43  Assimilator  
  21  1:51  Probe (Chrono Boost)  
  22  1:55  Pylon  
  22  2:01  Probe (Chrono Boost)  
  23  2:13  Adept, Warp Gate  
  25  2:18  Mothership Core (Chrono Boost)  
  27  2:35  Probe (Chrono Boost)  
  29  2:37  Adept  
  29  2:38  Probe (Chrono Boost)  
  31  2:49  Probe (Chrono Boost)  
  31  2:50  Probe (Chrono Boost), Twilight Council  
  33  2:59  Probe (Chrono Boost)  
  33  3:00  Stalker  
  33  3:02  Probe (Chrono Boost)  
  37  3:10  Probe (Chrono Boost)  
  39  3:14  Probe (Chrono Boost)  
  38  3:21  Probe (Chrono Boost)  
  38  3:26  Probe (Chrono Boost), Blink  
  39  3:28  Pylon  
  39  3:31  Probe (Chrono Boost)  
  40  3:41  Probe (Chrono Boost)  
  40  3:43  Probe (Chrono Boost)  
  40  3:45  Pylon  
  41  3:52  Gateway  
  41  3:53  Probe (Chrono Boost), Gateway  
  42  3:59  Robotics Facility  
  42  4:01  Probe (Chrono Boost)  
  43  4:07  Probe (Chrono Boost)  
  44  4:12  Probe (Chrono Boost)  
  44  4:14  Assimilator  
  45  4:19  Probe (Chrono Boost)  
  45  4:22  Probe (Chrono Boost)  
  47  4:25  Sentry, Pylon  
  50  4:31  Probe (Chrono Boost), Assimilator  
  50  4:33  Probe (Chrono Boost)  
  50  4:37  Pylon  
  51  4:47  Nexus  
  51  4:49  Pylon  
  51  4:54  Sentry  
  51  4:55  Sentry  
  51  4:57  Probe (Chrono Boost)  
  51  4:58  Probe (Chrono Boost)  
  57  5:02  Forge  
  57  5:03  Observer  
  58  5:09  Probe (Chrono Boost)  
  58  5:11  Probe (Chrono Boost)  
  60  5:16  Pylon  
  60  5:21  Probe (Chrono Boost), Sentry, Observer  
  61  5:22  Stalker  
  61  5:23  Probe (Chrono Boost), Resonating Glaives  
  67  5:33  Probe (Chrono Boost)  
  67  5:34  Stalker  
  67  5:35  Probe (Chrono Boost)  
  71  5:42  Protoss Ground Weapons Level 1  
  71  5:45  Probe (Chrono Boost)  
  71  5:46  Stalker x2  
  76  5:54  Probe (Chrono Boost)  
  71  5:58  Probe (Chrono Boost)  
  71  6:03  Probe (Chrono Boost)  
  60  6:05  Warp Prism  
  60  6:06  Probe (Chrono Boost)  
  60  6:10  Probe (Chrono Boost)  
  60  6:13  Probe (Chrono Boost)  
  56  6:21  Adept x2  
  56  6:22  Probe (Chrono Boost)  
  57  6:27  Probe (Chrono Boost)  
  57  6:28  Probe (Chrono Boost)  
  57  6:30  Sentry  
  59  6:34  Probe (Chrono Boost)  
  59  6:38  Probe x2 (Chrono Boost)  
  62  6:46  Probe (Chrono Boost)  
  63  6:48  Probe (Chrono Boost)  
  63  6:50  Probe (Chrono Boost)  
  63  6:51  Observer  
  66  6:59  Probe x2 (Chrono Boost)  
  69  7:01  Probe (Chrono Boost)  
  69  7:09  Probe (Chrono Boost)  
  69  7:11  Probe (Chrono Boost), Stalker x2  
  69  7:12  Probe (Chrono Boost)  
  69  7:13  Observer  
  77  7:20  Probe (Chrono Boost)  
  77  7:22  Probe (Chrono Boost)  
  80  7:23  Probe (Chrono Boost)  
  78  7:30  Probe (Chrono Boost)  
  78  7:31  Robotics Bay  
  78  7:33  Probe (Chrono Boost)  
  78  7:34  Observer  
  78  7:35  Probe (Chrono Boost)  
  82  7:41  Probe (Chrono Boost)  
  84  7:45  Probe (Chrono Boost)  
  84  7:47  Probe (Chrono Boost)  
  84  7:50  Immortal  
  84  7:51  Pylon  
  85  7:52  Probe (Chrono Boost)  
  85  7:57  Probe (Chrono Boost)  
  91  7:59  Probe (Chrono Boost)  
  91  8:02  Probe (Chrono Boost)  
  92  8:05  Pylon  
  92  8:08  Pylon  
  92  8:10  Assimilator  
  92  8:11  Probe (Chrono Boost)  
  92  8:12  Assimilator  
  92  8:16  Gateway  
  92  8:19  Gateway  
  92  8:23  Probe (Chrono Boost)  
  92  8:24  Gateway  
  93  8:27  Gateway  
  93  8:29  Sentry x2  
  93  8:30  Sentry  
  85  8:43  Probe (Chrono Boost)  
  79  8:50  Probe (Chrono Boost)  
  79  8:53  Probe (Chrono Boost)  
  81  8:56  Adept x3  
Show
View Real Time Build Order
Export as new Build Order

KingKong Zerg - Winner!

Build Orders: Hatch First 

Get SALT Encoding   

  12  0:00  Drone  
  13  0:08  Drone  
  13  0:12  Extractor  
  13  0:16  Drone  
  15  0:23  Overlord  
  15  0:41  Drone x2  
  17  0:56  Drone, Hatchery  
  17  1:01  Drone  
  18  1:09  Extractor  
  17  1:17  Spawning Pool  
  17  1:18  Drone  
  17  1:23  Drone  
  18  1:27  Drone  
  19  1:39  Drone  
  20  1:48  Drone  
  21  1:58  Overlord  
  21  2:07  Queen  
  21  2:08  Queen  
  23  2:09  Drone  
  23  2:10  Drone  
  23  2:13  Metabolic Boost  
  27  2:19  Drone  
  27  2:21  Drone  
  29  2:29  Drone  
  30  2:31  Drone  
  31  2:41  Zergling x2  
  31  2:42  Drone  
  33  2:45  Queen  
  35  2:51  Zergling x2  
  35  2:54  Lair  
  35  2:56  Overlord, Extractor  
  35  3:02  Drone  
  36  3:07  Overlord  
  36  3:14  Overlord  
  36  3:18  Spore Crawler  
  35  3:21  Spore Crawler  
  35  3:26  Drone x6  
  39  3:35  Overlord  
  39  3:38  Drone  
  40  3:45  Evolution Chamber  
  39  3:50  Drone  
  39  3:53  Drone, Hatchery  
  40  3:55  Overseer  
  40  3:57  Drone  
  40  3:59  Drone  
  40  4:00  Drone  
  40  4:02  Drone  
  44  4:06  Drone  
  45  4:15  Drone  
  45  4:16  Drone, Hydralisk Den  
  48  4:17  Drone x2  
  48  4:28  Drone x2  
  48  4:29  Baneling Nest, Drone x2  
  51  4:36  Zerg Melee Weapons Level 1  
  51  4:43  Overlord x2  
  51  4:44  Spore Crawler  
  50  4:46  Muscular Augments  
  50  4:48  Extractor  
  50  4:52  Drone  
  50  4:54  Spore Crawler  
  50  4:56  Drone  
  50  5:00  Extractor  
  50  5:02  Drone x4  
  50  5:05  Drone  
  50  5:06  Drone  
  55  5:10  Zergling x2  
  55  5:11  Zergling x4  
  57  5:17  Zergling x6  
  57  5:20  Drone  
  61  5:25  Queen  
  61  5:26  Drone  
  61  5:27  Zergling x2  
  63  5:33  Drone x2  
  64  5:36  Drone x3  
  67  5:43  Drone x4  
  67  5:45  Zergling x2  
  67  5:46  Spore Crawler  
  71  5:51  Drone x2  
  71  5:54  Spore Crawler  
  72  5:57  Zergling x2  
  72  6:00  Overlord  
  72  6:01  Overlord  
  73  6:08  Overlord  
  73  6:10  Overlord  
  73  6:12  Overlord  
  73  6:17  Hatchery  
  69  6:23  Hydralisk  
  69  6:25  Drone  
  72  6:28  Hydralisk x3  
  72  6:32  Drone x2  
  80  6:34  Zerg Melee Weapons Level 2  
  80  6:37  Drone  
  80  6:38  Drone  
  82  6:40  Zergling x2  
  82  6:42  Hydralisk  
  82  6:44  Hydralisk x2  
  89  6:47  Hydralisk  
  89  6:51  Hydralisk  
  89  6:52  Hydralisk  
  95  6:55  Hydralisk  
  95  6:58  Hydralisk  
  99  7:02  Hydralisk x2  
  99  7:05  Baneling x4  
  99  7:06  Zergling x2  
  99  7:07  Zergling x2  
  104  7:09  Baneling x2  
  104  7:17  Hydralisk x4  
  112  7:23  Zergling x2  
  111  7:30  Baneling x4, Centrifical Hooks  
  111  7:32  Drone x3  
  111  7:34  Drone  
  107  7:38  Overseer, Hydralisk  
  107  7:39  Hydralisk  
  111  7:44  Hydralisk x3  
  111  7:50  Extractor, Drone x3  
  111  7:51  Drone  
  120  7:56  Overlord x3  
  120  8:05  Spore Crawler  
  120  8:06  Spore Crawler  
  120  8:09  Hydralisk x2  
  120  8:11  Overlord x3  
  120  8:18  Drone x3  
  120  8:19  Drone x2  
  125  8:21  Spore Crawler  
  125  8:22  Spore Crawler  
  115  8:29  Hydralisk x3  
  121  8:36  Hydralisk x3  
  121  8:39  Hydralisk  
Show
View Real Time Build Order
Export as new Build Order

Kyoto Protoss 

Build Orders: Phoenix Opening 

Get SALT Encoding   

  12  0:01  Probe (Chrono Boost)  
  13  0:11  Probe (Chrono Boost)  
  14  0:17  Pylon  
  14  0:31  Probe (Chrono Boost)  
  15  0:41  Probe (Chrono Boost)  
  16  0:52  Probe (Chrono Boost)  
  17  1:06  Nexus  
  17  1:11  Gateway  
  17  1:17  Probe (Chrono Boost)  
  18  1:23  Assimilator  
  18  1:28  Probe (Chrono Boost)  
  19  1:33  Assimilator  
  19  1:38  Probe (Chrono Boost)  
  20  1:49  Probe (Chrono Boost)  
  21  1:55  Assimilator  
  21  1:58  Cybernetics Core  
  21  1:59  Probe (Chrono Boost)  
  22  2:10  Probe (Chrono Boost), Pylon  
  23  2:20  Probe x2 (Chrono Boost)  
  24  2:30  Probe (Chrono Boost)  
  24  2:31  Probe (Chrono Boost)  
  24  2:35  Stargate  
  26  2:38  Assimilator  
  26  2:43  Probe (Chrono Boost)  
  27  2:45  Probe (Chrono Boost), Assimilator  
  28  2:55  Stargate  
  28  2:58  Probe (Chrono Boost)  
  29  2:59  Probe (Chrono Boost)  
  30  3:08  Probe (Chrono Boost)  
  31  3:13  Stargate  
  31  3:15  Probe (Chrono Boost)  
  31  3:19  Probe (Chrono Boost)  
  33  3:24  Phoenix  
  33  3:27  Probe (Chrono Boost)  
  34  3:31  Probe (Chrono Boost)  
  37  3:39  Phoenix, Probe (Chrono Boost)  
  40  3:45  Probe (Chrono Boost)  
  41  3:50  Phoenix  
  41  3:55  Probe (Chrono Boost)  
  44  3:56  Probe (Chrono Boost)  
  45  4:07  Pylon  
  45  4:13  Phoenix  
  46  4:22  Phoenix  
  45  4:25  Phoenix  
  45  4:27  Probe (Chrono Boost)  
  45  4:28  Probe (Chrono Boost)  
  52  4:40  Mothership Core (Chrono Boost)  
  53  4:48  Probe (Chrono Boost)  
  54  5:04  Pylon  
  52  5:07  Pylon  
  52  5:11  Phoenix  
  52  5:13  Protoss Air Weapons Level 1  
  54  5:18  Nexus  
  54  5:21  Phoenix  
  54  5:22  Probe (Chrono Boost)  
  54  5:24  Probe (Chrono Boost)  
  58  5:30  Phoenix  
  58  5:34  Phoenix  
  60  5:36  Probe (Chrono Boost)  
  62  5:43  Phoenix  
  62  5:48  Probe (Chrono Boost)  
  65  5:55  Phoenix  
  65  5:56  Phoenix  
  68  6:06  Phoenix  
  66  6:23  Pylon  
  64  6:46  Pylon  
  64  6:49  Pylon  
  64  6:51  Nexus  
  64  6:53  Pylon  
  64  6:54  Pylon  
  64  6:56  Pylon  
  64  6:57  Fleet Beacon  
  64  7:01  Phoenix  
  64  7:04  Phoenix  
  64  7:06  Probe x2 (Chrono Boost)  
  70  7:13  Pylon  
  70  7:18  Probe x2 (Chrono Boost)  
  75  7:30  Probe (Chrono Boost), Carrier  
  73  7:41  Probe (Chrono Boost)  
  73  7:42  Probe (Chrono Boost)  
  85  7:56  Probe (Chrono Boost)  
  85  7:57  Probe (Chrono Boost)  
  87  8:08  Probe (Chrono Boost)  
  88  8:13  Pylon  
  88  8:16  Pylon  
Tags
 
Add a new tag
Caveats
  • Supply blocks, unpowered buildings, or Contaminate may cause inaccurate times.
  • Supply counts are checked every 10 seconds.